 Dungeon Crawl Stone Soup version 0.27-a0-1502-g47ed6a6988 (webtiles) character file.

Game seed: 894065047041386400

172 dolemite99 the Chopper (level 5, -1/45 HPs)
             Began as a Hill Orc Fighter on July 8, 2021.
             Was a Follower of Beogh.
             Hit by a goblin thrown by Robin (2 damage)
             ... on level 3 of the Dungeon.
             The game lasted 00:02:44 (2514 turns).

dolemite99 the Chopper (Hill Orc Fighter)           Turns: 2514, Time: 00:02:45

Health: -1/45      AC:  0    Str: 20    XL:     5   Next: 53%
Magic:  5/5        EV: 13    Int:  8    God:    Beogh [*.....]
Gold:   74         SH:  0    Dex: 10    Spells: 4/4 levels left

rFire    . . .     SeeInvis .   (weapon currently unavailable)
rCold    . . .     Faith    .   (shield currently unavailable)
rNeg     . . .     Spirit   .   (armour currently unavailable)
rPois    .         Reflect  .   (helmet currently unavailable)
rElec    .         Harm     .   (cloak currently unavailable)
rCorr    .         Rampage  .   (gloves currently unavailable)
Will     .....                  (boots currently unavailable)
Stlth    +.........             (no amulet)
HPRegen  0.15/turn              (ring currently unavailable)
MPRegen  0.09/turn              (ring currently unavailable)

@: pig-form (expiring), very quick
A: fast, no casting, small
a: Renounce Religion


You were on level 3 of the Dungeon.
You worshipped Beogh.
Beogh was aware of your devotion.
You were a filthy swine.
You visited 1 branch of the dungeon, and saw 3 of its levels.

You collected 74 gold pieces.

Inventory:

Hand Weapons
 a - a +0 war axe
 k - a +1 vorpal hand axe (melded)
Missiles
 f - 7 arrows
 m - 26 poisoned darts (quivered)
 q - 71 stones
 s - a throwing net
 t - 34 sling bullets
Armour
 b - a +0 scale mail (melded)
 c - a +0 kite shield (melded)
Jewellery
 e - a +6 ring of strength
Scrolls
 h - 2 scrolls of identify {unknown}
 i - a scroll of noise {unknown}
 l - a scroll of torment {unknown}
 p - a scroll of brand weapon {unknown}
Potions
 d - a potion of might
 g - 2 potions of curing {unknown}
 j - a potion of brilliance {unknown}
 n - a potion of lignification {unknown}
 o - a potion of mutation {unknown}
 r - a potion of invisibility {unknown}


   Skills:
 - Level 3.6 Fighting
 + Level 7.4 Axes
 - Level 3.2 Armour
 - Level 3.2 Shields


You had 4 spell levels left.
You didn't know any spells.
Your spell library contained the following spells:

 Spells                   Type           Power      Damage    Failure   Level
 Corona                   Hex            0%         N/A       41%         1
 Ensorcelled Hibernation  Hex/Ice        0%         N/A       54%         2
 Tukima's Dance           Hex            0%         N/A       78%         3


Dungeon Overview and Level Annotations

Branches:
Dungeon (3/15)

Altars:

Annotations:
D:3 Robin


Message History

You hit Robin but do no damage.
Robin is lightly wounded.
Robin hits you with a +3 whip of flaming!
Robin burns you.
You are too injured to fight recklessly!
You hit Robin.
Robin is moderately wounded.
Robin zaps a wand.
You resist with some effort.
You are too injured to fight recklessly!
You hit Robin.
Robin is severely wounded.
A hobgoblin comes into view.
Robin barely misses you.
You hit Robin but do no damage.
Robin is severely wounded.
Robin roars a battlecry!
The hobgoblin goes into a battle-frenzy!
You closely miss Robin.
Robin is severely wounded.
Your transformation is almost over.
You closely miss Robin.
Robin is severely wounded.
Robin hits you with a +3 whip of flaming!
* * * LOW HITPOINT WARNING * * *
Robin burns you.
* * * LOW HITPOINT WARNING * * *
You barely miss Robin.
Robin is severely wounded.
Robin zaps a wand.
You resist with some effort.
You hit Robin.
Robin is almost dead.
Robin zaps a wand.
You resist with some effort.
A goblin comes into view. It is wielding a +0 dagger.
You barely miss Robin.
Robin is almost dead.
The goblin shouts!
Robin barely misses you. The hobgoblin hits you!
* * * LOW HITPOINT WARNING * * *
Robin throws the goblin at you!
You die...

#.# #####+## #.########
.......# ##.........
#...#####........##
#...'............##
###...####.........##
#..#.#...#.........## #
#..#.#.#.#..........#
##.#.#g##h#.#.#.####'###.#
#(....>g.)g...............
#..#?.#####.#.#.####.....#
#.. ......# #..#### ##g
#.#...# #..# # gg #..#.##
#... . (g .#.#'# #.... .


.gg . #...... ... #...... You could see Robin and a goblin (strong).

Vanquished Creatures
  An orc priest (D:3)
  4 adders
  2 worms (D:2)
  A dart slug (D:1)
  7 orcs
  6 giant cockroaches
  12 goblins
  12 hobgoblins
  10 jackals
  4 quokkas (D:1)
  8 bats
  8 frilled lizards
  4 kobolds
  7 rats
86 creatures vanquished.

Vanquished Creatures (others)
  A goblin (D:3)
  A kobold (D:3)
  A ball python (D:3)
  A frilled lizard (D:3)
  4 plants (D:1)
8 creatures vanquished.

Grand Total: 94 creatures vanquished

Notes
Turn   | Place    | Note
-------+----------+-------------------------------------------
     0 | D:1      | dolemite99 the Hill Orc Fighter began the quest for the
                  | Orb.
     0 | D:1      | Reached XP level 1. HP: 19/19 MP: 1/1
    64 | D:1      | Reached skill level 3 in Axes
   117 | D:1      | Reached XP level 2. HP: 15/26 MP: 2/2
   269 | D:1      | Reached skill level 4 in Axes
   452 | D:1      | Reached XP level 3. HP: 31/31 MP: 3/3
   744 | D:1      | Reached skill level 5 in Axes
  1170 | D:2      | Reached XP level 4. HP: 32/39 MP: 4/4
  1669 | D:3      | Became a worshipper of Beogh the Brigand
  1676 | D:3      | Reached skill level 6 in Axes
  1705 | D:3      | Reached XP level 5. HP: 18/45 MP: 5/5
  1966 | D:3      | Reached skill level 7 in Axes
  2484 | D:3      | Noticed Robin
  2493 | D:3      | Reached * piety under Beogh
  2512 | D:3      | HP: 1/45 [hobgoblin[Robin] (7)]
  2514 | D:3      | Hit by a goblin thrown by Robin

Illustrated notes

Levels and vault maps discovered:
D:1:      dpeg_arrival_short_road, layout_basic, serial_bayou_crossing
D:2:      layout_basic
D:3:      layout_basic, uniq_robin

Skill      XL: |  1  2  3  4  5 |
---------------+----------------+-----
Axes           | 3 4 5 6 7 |  7.4
Fighting       | |  3.6
Armour         | |  3.2
Shields        | |  3.2

Action                   |  1- 3 |  4- 6 || total
-------------------------+-------+-------++-------
Melee: War axe           |    41 |       ||    41
       Hand axe          |    54 |   101 ||   155
       Unarmed           |       |    11 ||    11
Throw: Dart              |     8 |    18 ||    26
Invok: Convert to Beogh  |       |     1 ||     1
Armor: Scale mail        |    28 |    34 ||    62
Dodge: Dodged            |    33 |    30 ||    63
Block: Kite shield       |    66 |    41 ||   107

Table legend: (Time is in decaauts)
 A = Elapsed time spent in this place.
 B = Non-inter-level travel time spent in this place.
 C = Inter-level travel time spent in this place.
 D = Time resting spent in this place.
 E = Time spent auto-exploring this place.
 F = Levels seen in this place.
 G = Mean time per level.
                   A        B        C        D        E       F      G
               +--------+--------+--------+--------+--------+-----+--------+
         Total |   2582 |   2527 |     55 |    329 |   1610 |   3 |  860.7 |
       Dungeon |   2582 |   2527 |     55 |    329 |   1610 |   3 |  860.7 |
               +--------+--------+--------+--------+--------+-----+--------+

Top non-repeatable levels by time:
     D:1: 920 daAuts
     D:3: 889 daAuts
     D:2: 773 daAuts
